 Dungeon Crawl Stone Soup version 0.21-a0-113-g6841d05 (webtiles) character file.

39 Ordine the Magician (level 3, -6/19 HPs)
             Began as a Tengu Wizard on July 12, 2017.
             Mangled by a gnoll
             ... wielding a +0 flail
              (15 damage)
             ... on level 2 of the Dungeon.
             The game lasted 00:02:20 (1095 turns).

Ordine the Magician (Tengu Wizard)                  Turns: 1095, Time: 00:02:21

Health: -6/19      AC:  3    Str:  7    XL:     3   Next: 47%
Magic:  7/8        EV: 13    Int: 19    God:
Gold:   59         SH:  0    Dex: 12    Spells: 5/8 levels left

rFire    . . .     SeeInvis .   i - +1 club
rCold    . . .     Gourm    .   (no shield)
rNeg     . . .     Faith    .   a - +0 robe
rPois    .         Spirit   .   b - +1 hat
rElec    .         Reflect  .   (no cloak)
rCorr    .         Harm     .   (no gloves)
MR       .....                  (boots unavailable)
Stlth    ++........             (no amulet)
HPRegen  0.06/turn              (no ring)
MPRegen  0.11/turn              (no ring)

@: no status effects
A: beak, talons 3
a: no special abilities


You were on level 2 of the Dungeon.
You were hungry.

You visited 1 branch of the dungeon, and saw 2 of its levels.

You collected 59 gold pieces.

Inventory:

Hand Weapons
 i - a +1 club (weapon)
Armour
 a - a +0 robe (worn)
 b - a +1 hat (worn)
Potions
 f - a potion of curing
 g - a potion of flight
Books
 c - a book of Minor Magic

   Spells                             Type                      Level
   a - Magic Dart                     Conjuration                  1
   b - Blink                          Translocation                2
   c - Call Imp                       Summoning                    2
   d - Slow                           Hexes                        2
   e - Conjure Flame                  Conjuration/Fire             3
   f - Mephitic Cloud                 Conjuration/Poison/Air       3
Comestibles
 d - 2 bread rations
 h - 6 chunks of flesh


   Skills:
 + Level 2.8 Dodging
 + Level 2.5 Stealth
 - Level 3.0 Spellcasting
 * Level 2.8 Conjurations
   Level 1.2 Summonings
 + Level 1.1 Translocations


You had 5 spell levels left.
You knew the following spells:

 Your Spells              Type           Power        Failure   Level  Hunger
a - Magic Dart            Conj           ##..         4%          1    None
b - Blink                 Tloc           N/A          14%         2    ##.....


Dungeon Overview and Level Annotations

Branches:
Dungeon (2/15)

Altars:
Nemelex Xobeh


Innate Abilities, Weirdness & Mutations

You have a beak for a mouth.
You have claws for feet.


Message History

The gnoll is lightly wounded.
Casting: Magic Dart
Confirm with . or Enter, or press ? or * to list all spells.
Aiming: Magic Dart
Press: ? - help, Shift-Dir - straight line, f/p - gnoll
Aim: a gnoll, wielding a club (lightly wounded)
The magic dart hits the gnoll.
The gnoll is moderately wounded.
A gnoll comes into view. It is wielding a spear.
Unknown command.
You tear a large gash into the net.
You struggle against the net.
The gnoll closely misses you.
You rip the net and break free!
The gnoll hits you with a flail!
Ouch! That really hurt!
Some of the chunks of flesh in your inventory have rotted away.
You are feeling hungry.
You open the door. The gnoll hits you with a flail!
Ouch! That really hurt!
You die...

## ... .... .....
......########
......'@gg...#
......#.##.#.#####
...............g.#
.......####.####.#
######.##.....##.#
##.#...g...#g#
#..#.......#.#
##......_.....##
...#.......#..#


You could see 2 gnolls.

Vanquished Creatures
  An adder (D:2)
  An ooze (D:1)
  A worm (D:2)
  A leopard gecko (D:1)
  2 bats (D:1)
  A giant cockroach (D:1)
  3 goblins (D:1)
  3 hobgoblins
  4 kobolds (D:1)
  3 frilled lizards (D:1)
  4 rats
24 creatures vanquished.

Notes
Turn   | Place    | Note
-------+----------+-------------------------------------------
     0 | D:1      | Ordine the Tengu Wizard began the quest for the Orb.
     0 | D:1      | Reached XP level 1. HP: 10/10 MP: 5/5
    45 | D:1      | Reached XP level 2. HP: 14/15 MP: 0/7
   108 | D:1      | Learned a level 2 spell: Blink
   191 | D:1      | Reached skill level 1 in Translocations
   736 | D:1      | Reached XP level 3. HP: 19/19 MP: 5/8
   947 | D:2      | Found a sparkling altar of Nemelex Xobeh.
  1095 | D:2      | Mangled by a gnoll

Vault maps used:
D:1:      minmay_arrival_plants_in_alcoves, minmay_unequal
D:2:      doesnt_xom_only_xom, old_standard_altar,
          nicolae_ru_sacrificial_ziggurat

Skill      XL: |  1  2 |
---------------+-------+-----
Conjurations   | 2 |  2.8
Translocations | 1 |  1.1
Dodging        | |  2.8
Stealth        | |  2.5
Spellcasting   | |  3.0
Summonings     | |  1.2

Action                   || total
-------------------------++-------
Melee: Unarmed           ||    12
       Kick              ||     4
       Peck              ||     3
       Club              ||    10
 Cast: Magic Dart        ||    64
       Blink             ||     1
  Use: Scroll            ||     7
Armor: Robe              ||     4
Dodge: Dodged            ||    23
